Match 47145854
Unlisted

Match 47145854
End
Selects Special Operations Battlegroup
Selects M29 Weasel Recon Vehicle
M29 Weasel Recon Vehicle
Engineer Squad
Construct Barracks
Riflemen Squad
Riflemen Squad
Infantry Support Center
Grenade Package
Construct Motor Pool
Selects Smoke Screen
Smoke Screen
M8 Greyhound Armored Car
Selects SSF Commando Squad
M1 Anti-tank Gun Team
Smoke Screen
SSF Commando Squad
Smoke Screen
M1 Anti-tank Gun Team
Selects Air Re-supply Operation
Smoke Screen
Construct Tank Depot
CommanderCrow
Goodvyn
0
0

Comments sign in to comment!

No comments posted yet!